 Dungeon Crawl Stone Soup version 0.31-a0-1529-g7bd419a0e5 (webtiles) character file.

Game seed: 17596548613284310909

1222 tilp the Sneak (level 8, -1/60 HPs)
             Began as a Vampire Enchanter on Dec 31, 2023.
             Slain by a steam dragon (5 damage)
             ... on level 6 of the Dungeon.
             The game lasted 00:07:21 (3910 turns).

tilp the Sneak (Vampire Enchanter)                  Turns: 3910, Time: 00:07:21

Health: -1/60      AC:  4    Str:  7      XL:     8   Next: 23%
Magic:  6/13       EV: 14    Int: 22 (23) God:
Gold:   214        SH:  0    Dex: 21      Spells: 2/13 levels left

rFire   . . .        a - +6 dagger "Beetlebane" {flame, rF- Will+ Int+4 Stlth+}
rCold   x . .        (no shield)
rNeg    . . .        h - +0 robe
rPois   .            q - +0 helmet
rElec   .            (no cloak)
rCorr   .            l - +0 pair of gloves
SInv    +            (no boots)
Will    +....        (no amulet)
Stlth   +++++        n - +6 ring of dexterity
HPRegen 0.50/turn    j - ring of fire
MPRegen 0.13/turn

%: no passive effects
@: healing quickly
A: alive, fangs 3, see invisible, vampiric 2, deterioration 1
a: Exsanguinate


You were on level 6 of the Dungeon.
You visited 1 branch of the dungeon, and saw 6 of its levels.

You collected 214 gold pieces.

Inventory:

Hand Weapons
 a - the +6 dagger "Beetlebane" (weapon) {flame, rF- Will+ Int+4 Stlth+}
   (You found it on level 5 of the Dungeon)

   Int+4:     It affects your intelligence (+4).
   rF-:       It makes you vulnerable to fire.
   Will+:     It increases your willpower.
   Stlth+:    It makes you more stealthy.
 b - a +4 dagger of venom
 k - a +4 dagger
 p - a +2 short sword of protection
Missiles
 v - 6 poisoned darts (quivered)
Armour
 h - a +0 robe (worn)
 l - a +0 pair of gloves (worn)
 q - a +0 helmet (worn)
Jewellery
 e - a ring of flight
 j - a ring of fire (right hand)
 n - a +6 ring of dexterity (left hand)
Wands
 r - a wand of flame (21)
Scrolls
 d - a scroll of fog
 o - a scroll of blinking
 t - a scroll of immolation {unknown}
 u - 3 scrolls of vulnerability
Potions
 c - 2 potions of invisibility
 f - 2 potions of resistance
 i - a potion of brilliance
 m - 2 potions of magic
 s - a potion of attraction
 w - a potion of ambrosia


   Skills:
 * Level 3.7 Fighting
 + Level 3.3(4.5) Short Blades
 * Level 4.2(4.7) Long Blades
 + Level 3.9 Dodging
 + Level 6.5 Stealth
 + Level 3.4 Spellcasting
 * Level 1.1 Conjurations
 + Level 6.1 Hexes
 - Level 2.0 Ice Magic
 + Level 0.7 Evocations


You had 2 spell levels left.
You knew the following spells:

 Your Spells              Type           Power      Damage    Failure   Level
a - Ensorcelled Hibernat  Hex/Ice        42%        N/A       3%          2
b - Confusing Touch       Hex            31%        N/A       2%          3
c - Tukima's Dance        Hex            31%        N/A       2%          3
d - Dazzling Flash        Conj/Hex       38%        N/A       8%          3

Your spell library contained the following spells:

 Spells                   Type           Power      Damage    Failure   Level
 Sting                    Conj/Alch      24%        1d4       10%         1
 Sandblast                Erth           6%         2d5       12%         1
 Static Discharge         Conj/Air       12%        3-4/arc   14%         2
 Mercury Vapours          Alch/Air       6%         N/A       19%         2
 Stone Arrow              Conj/Erth      12%        3d7       28%         3
 Passwall                 Erth           3%         N/A       34%         3
 Brom's Barrelling Bould  Conj/Erth      6%         2d3       67%         4
 Airstrike                Air            1%         2d(1-17)  75%         4
 Olgreb's Toxic Radiance  Alch           3%         N/A       75%         4
 Summon Lightning Spire   Summ/Air       3%         N/A       75%         4


Dungeon Overview and Level Annotations

Branches:
Dungeon (6/15)
 Temple: D:4-7

Altars:
Qazlal
Sif Muna

Shops:
D:6 ?

Annotations:
D:3 3 runed translucent doors, MrCrawl's ghost, amateur DrFE; MrCrawl's ghost, weakling DrFE; Nonseq's ghost, weakling HOMo; Shym's ghost, amateur DjFE


Innate Abilities, Weirdness & Mutations

Your natural rate of healing is accelerated.
You have razor-sharp teeth.
You have supernaturally acute eyesight. (SInv)
You are afflicted with vampirism and can become a bat while bloodless.
Your body sometimes deteriorates upon taking damage.


Message History

Unknown command.
Casting: Ensorcelled Hibernation (safe; 3% risk of failure)
Confirm with . or Enter, or press ? or * to list all spells.
Aiming: Ensorcelled Hibernation (safe; 3% risk of failure)
Press: ? - help, Shift-Dir - straight line, f/p - steam dragon
Aim: a steam dragon (chance to affect: 53%)
The steam dragon resists with significant effort.
The steam dragon bites you. The steam dragon completely misses you.
The sky beast misses you.
Unknown command.
Casting: Ensorcelled Hibernation (safe; 3% risk of failure)
Confirm with . or Enter, or press ? or * to list all spells.
Aiming: Ensorcelled Hibernation (safe; 3% risk of failure)
Press: ? - help, Shift-Dir - straight line, f/p - steam dragon
Aim: a steam dragon (chance to affect: 53%)
The steam dragon resists with significant effort.
The sky beast barely misses you. The steam dragon breathes steam at you.
The ball of steam misses you.
A scorpion comes into view.
You puncture the steam dragon! You burn the steam dragon.
The steam dragon is moderately wounded.
You are engulfed in a cloud of scalding steam.
The sky beast barely misses you. The steam dragon bites you.
The steam dragon claws you.
Unknown command.
The steam dragon attacks as it pursues you!
The steam dragon bites you. The steam dragon claws you.
Casting: Ensorcelled Hibernation (safe; 3% risk of failure)
Confirm with . or Enter, or press ? or * to list all spells.
Aiming: Ensorcelled Hibernation (safe; 3% risk of failure)
Press: ? - help, Shift-Dir - straight line, f/p - steam dragon
Aim: a steam dragon (moderately wounded, chance to affect: 53%)
The steam dragon resists with significant effort.
The steam dragon breathes steam at you. The ball of steam hits you!!
* * * LOW HITPOINT WARNING * * *
The steam dragon attacks as it pursues you!
The steam dragon bites you.
You die...

...## #.#
#.# #### #.#
#.# #.# #.#
#.########.#
...?.......#
#########..#
#..#
#..######
#.@§....#
#.#D###.#
#.#.###.#
#s.Y....#
#.#.##...#
#.#)# .##
.....<).# #
#.###.###
.§.


You could see a steam dragon (catching breath), a sky beast (invisible) and a
scorpion.

Vanquished Creatures
  Sigmund (D:3)
  A water moccasin (D:5)
  An ice beast (D:6)
  A sky beast (D:6)
  A black bear (D:4)
  An ogre (D:4)
  A phantom (D:5)
  A centaur (D:5)
  A scorpion (D:6)
  A howler monkey (D:5)
  2 hounds
  An orc priest (D:4)
  Jessica (D:2)
  An iguana (D:4)
  2 orc wizards
  Robin (D:3)
  4 adders
  3 dart slugs
  5 orcs
  7 endoplasms
  4 giant cockroaches
  18 goblins
  10 hobgoblins
  14 kobolds
  6 quokkas
  12 ball pythons
  6 bats
  4 frilled lizards
  6 rats
117 creatures vanquished.

Vanquished Creatures (others)
  2 orcs (D:6)
2 creatures vanquished.

Grand Total: 119 creatures vanquished

Notes
Turn   | Place    | Note
-------+----------+-------------------------------------------
     0 | D:1      | tilp the Vampire Enchanter began the quest for the Orb.
     0 | D:1      | Reached XP level 1. HP: 13/13 MP: 3/3
   198 | D:1      | Reached XP level 2. HP: 20/20 MP: 5/5
   325 | D:1      | Found a faded altar of an unknown god.
   405 | D:1      | Reached skill level 1 in Long Blades
   408 | D:1      | Learned a level 2 spell: Ensorcelled Hibernation
   545 | D:1      | Gained mutation: You are afflicted with vampirism and can
                  | become a bat while bloodless. [Vampire growth]
   545 | D:1      | Reached XP level 3. HP: 25/25 MP: 6/6
   612 | D:1      | Learned a level 3 spell: Confusing Touch
   809 | D:2      | Noticed Jessica
   814 | D:2      | Killed Jessica
   815 | D:2      | Reached skill level 1 in Fighting
   820 | D:2      | Reached XP level 4. HP: 25/32 MP: 0/7
  1236 | D:3      | Found a runed translucent gate.
  1236 | D:3      | Found a runed translucent gate.
  1236 | D:3      | Found a runed translucent gate.
  1296 | D:3      | Noticed MrCrawl's ghost (weakling DrFE)
  1296 | D:3      | Noticed MrCrawl's ghost (amateur DrFE)
  1296 | D:3      | Noticed Nonseq's ghost (weakling HOMo)
  1296 | D:3      | Noticed Shym's ghost (amateur DjFE)
  1344 | D:3      | Noticed Robin
  1666 | D:3      | Killed Robin
  1698 | D:3      | Noticed Sigmund
  1713 | D:3      | Killed Sigmund
  1714 | D:3      | Reached skill level 5 in Stealth
  1714 | D:3      | Reached skill level 5 in Hexes
  1714 | D:3      | Reached skill level 1 in Ice Magic
  1714 | D:3      | Reached XP level 5. HP: 11/38 MP: 2/9
  1714 | D:3      | Reached XP level 6. HP: 13/44 MP: 2/10
  2297 | D:4      | Gained mutation: You are dopey. (Int -2) [potion of
                  | mutation]
  2297 | D:4      | Gained mutation: Armour fits poorly on your strangely
                  | shaped body. [potion of mutation]
  2297 | D:4      | Lost mutation: You are dopey. (Int -2) [potion of mutation]
  2305 | D:4      | Reached XP level 7. HP: 29/51 MP: 7/11
  2363 | D:4      | Lost mutation: Armour fits poorly on your strangely shaped
                  | body. [potion of mutation]
  2363 | D:4      | Gained mutation: Your body sometimes deteriorates upon
                  | taking damage. [potion of mutation]
  2838 | D:5      | Entered Level 5 of the Dungeon
  2838 | D:5      | Found a stormy altar of Qazlal.
  2853 | D:5      | Identified the +6 dagger "Beetlebane" {flame, rF- Will+
                  | Int+4 Stlth+}
  2917 | D:5      | Found a shimmering blue altar of Sif Muna.
  3247 | D:5      | Learned a level 3 spell: Tukima's Dance
  3251 | D:5      | Learned a level 3 spell: Dazzling Flash
  3683 | D:6      | Reached XP level 8. HP: 58/58 MP: 12/12
  3844 | D:6      | Reached skill level 1 in Conjurations
  3881 | D:6      | Found Ynazarich's Magic Scroll Shoppe.
  3909 | D:6      | HP: 3/60 [steam dragon/ball of steam (25)]
  3910 | D:6      | Slain by a steam dragon

Illustrated notes

Levels and vault maps discovered:
D:1:      dpeg_arrival_concentric_ovals, layout_basic,
          ebering_ecumenical_altar_box
D:2:      layout_rooms, uniq_jessica
D:3:      layout_rooms, gammafunk_ghost_cemetery, uniq_robin, uniq_sigmund
D:4:      layout_basic, kennysheep_generic_room_5
D:5:      layout_loops_cross, mainiacjoe_overflow_tiny_flanked,
          lemuel_coloured_pillars_altar, moated_statue
D:6:      layout_loops_ring, serial_shops, nicolae_shop_crystal

Skill      XL: |  1  2  3  4  5  6  7  8 |
---------------+-------------------------+-----
Long Blades    | 1 2 3 4 |  4.2
Fighting       | 1 2 3 |  3.7
Short Blades   | 2 3 |  3.3
Dodging        | 3 |  3.9
Stealth        | 5 6 |  6.5
Hexes          | 5 6 |  6.1
Ice Magic      | 1 2 |  2.0
Spellcasting   | 3 |  3.4
Conjurations   | 1 |  1.1
Evocations     | |  0.7

Action                     |  1- 3 |  4- 6 |  7- 9 || total
---------------------------+-------+-------+-------++-------
  Melee: Dagger            |    66 |   113 |    49 ||   228
         Bite              |     5 |    15 |     7 ||    27
         Punch             |       |     2 |       ||     2
   Cast: Ensorcelled Hiber |     2 |    10 |    12 ||    24
         Confusing Touch   |       |     1 |       ||     1
    Use: Scroll            |     2 |     5 |     5 ||    12
         Potion            |       |     2 |     1 ||     3
   Stab: Sleeping          |    11 |     9 |    13 ||    33
         Distracted        |       |       |     1 ||     1
 Armour: Robe              |    28 |    56 |    30 ||   114
  Dodge: Dodged            |    35 |    89 |    36 ||   160

Table legend: (Time is in decaauts)
 A = Elapsed time spent in this place.
 B = Non-inter-level travel time spent in this place.
 C = Inter-level travel time spent in this place.
 D = Time resting spent in this place.
 E = Time spent auto-exploring this place.
 F = Levels seen in this place.
 G = Mean time per level.
                   A        B        C        D        E       F      G
               +--------+--------+--------+--------+--------+-----+--------+
         Total |   3880 |   3690 |    190 |    170 |   2657 |   6 |  646.7 |
       Dungeon |   3880 |   3690 |    190 |    170 |   2657 |   6 |  646.7 |
               +--------+--------+--------+--------+--------+-----+--------+

Top non-repeatable levels by time:
     D:4: 958 daAuts
     D:1: 792 daAuts
     D:5: 668 daAuts
     D:3: 607 daAuts
     D:2: 457 daAuts
     D:6: 397 daAuts
